 Dungeon Crawl Stone Soup version 0.31-a0-167-g1c394c0614 (webtiles) character file.

Game seed: 6073028286316174958

21590 qw the Cleaver (level 12, -8/76 HPs)
             Began as a Gargoyle Fighter on June 14, 2023.
             Was an Elder of Okawaru.
             Mangled by a hog (9 damage)
             ... led by Kirke
             ... on level 3 of the Lair of Beasts.
             The game lasted 00:07:46 (12216 turns).

qw the Cleaver (Gargoyle Fighter)                  Turns: 12216, Time: 00:07:46

Health: -8/76      AC:  0    Str: 23    XL:     12   Next: 91%
Magic:  19/19      EV: 15    Int: 11    God:    Okawaru [****..]
Gold:   1309       SH:  5    Dex:  9    Spells: 11/11 levels left

rFire   . . .        j - melded +2 hand axe (flame)
rCold   . . .        r - melded +0 kite shield
rNeg    + . .        b - melded +0 plate armour
rPois   inf          g - melded +0 helmet
rElec   .            t - melded +0 cloak
rCorr   .            n - melded +0 pair of gloves
SInv    .            (boots currently unavailable)
Will    .....        q - amulet of reflection
Stlth   +++          c - melded ring of Doalar {rF+ Will+ Str-4 Int+4}
HPRegen 0.32/turn    (ring currently unavailable)
MPRegen 0.16/turn

%: reflection
@: pig-form, heroic, very quick
A: fast, no casting, sickness immunity, AC +8, small, negative energy resistance
1, (electricity resistance), torment resistance 1, petrification resistance
a: Renounce Religion, Heroism, Finesse


You were on level 3 of the Lair of Beasts.
You worshipped Okawaru.
Okawaru was greatly pleased with you.
You were a filthy swine.
You visited 3 branches of the dungeon, and saw 14 of its levels.

You collected 1694 gold pieces.
You spent 385 gold pieces at shops.


Innate Abilities, Weirdness & Mutations

You are a filthy swine.
You move quickly.
Your equipment is almost entirely melded.
You are incapable of wielding weapons or throwing items.
You cannot cast spells.
You are immune to sickness and miasma.
((Your stone body is resilient. (AC +8)))
You are immune to poison.
You resist negative energy. (rN+)
((You are resistant to electric shocks. (rElec)))
You are resistant to unholy torment.
You are immune to petrification.


   Skills:
 - Level 9.0(14.0) Fighting
 - Level 12.0(17.0) Axes
 - Level 1.3(6.3) Throwing
 - Level 9.0(14.0) Armour
 + Level 1.0(6.0) Dodging
 - Level 10.7(15.7) Shields
 - Level 10.0 Invocations


You had 11 spell levels left.
You didn't know any spells.
Your spell library was empty.

Inventory:

Hand Weapons
 j - a +2 hand axe of flaming (melded)
 Y - a +0 war axe
Missiles
 e - 18 boomerangs (quivered)
Armour
 b - a +0 plate armour (melded)
 g - a +0 helmet (melded)
 n - a +0 pair of gloves (melded)
 r - a +0 kite shield (melded)
 t - a +0 cloak (melded)
Jewellery
 c - the ring of Doalar (melded) {rF+ Will+ Str-4 Int+4}
   (You found it on level 8 of the Dungeon)

   [ring of protection from fire]

   Str:       It affects your strength (-4).
   Int:       It affects your intelligence (+4).
   rF:        It protects you from fire.
   Will:      It increases your willpower.
 m - a ring of ice
 q - an amulet of reflection (around neck)
Scrolls
 f - a scroll of identify
Potions
 a - a potion of heal wounds {unknown}
 d - 2 potions of might
 h - 2 potions of lignification
 i - 5 potions of curing
 k - a potion of magic
 o - a potion of mutation
 p - a potion of resistance
 s - a potion of haste
 u - a potion of ambrosia {unknown}
 v - a potion of attraction

Dungeon Overview and Level Annotations

Branches:
Dungeon (10/15)            Temple (1/1) D:5            Lair (3/5) D:10
 Spider (0/4) Lair:2          Orc (0/2) D:10
  Swamp: Lair:2-3    Shoals: Lair:2-3

Altars:
Ashenzari
Cheibriados
Dithmenos
Elyvilon
Fedhas
Gozag
Hepliaklqana
Kikubaaqudgha
Makhleb
Nemelex Xobeh
Okawaru
Qazlal
Ru
Sif Muna
Trog
Uskayaw
Vehumet
Wu Jian
Xom
Yredelemnul
Zin
The Shining One

Shops:
D:6 :   D:7 !

Annotations:
D:8 2 transporters, qw's ghost, novice GrHu
Lair:3 Kirke


Message History

You closely miss the hog. You closely miss Kirke.
Kirke is lightly wounded.
You hit Kirke.
Kirke is lightly wounded.
Kirke hits you!
You hit Kirke.
Kirke is lightly wounded.
The hog completely misses you. Kirke hits you!
You bite Kirke!
Kirke is moderately wounded.
The hog closely misses you. The hog barely misses you.
You hit Kirke.
Kirke is moderately wounded.
Kirke hits you. The hog bites you! The hog barely misses you.
You hit Kirke.
Kirke is moderately wounded.
The hog closely misses you. x2
Kirke gestures at you while chanting.
You struggle to resist.
The hog barely misses you.
You hit Kirke.
Kirke is moderately wounded.
The hog misses you. The hog bites you! The hog closely misses you.
Kirke barely misses you.
You barely miss Kirke.
Kirke is moderately wounded.
The hog barely misses you. You block the hog's attack. x2
You barely miss Kirke.
Kirke is moderately wounded.
The hog bites you!
Kirke points at you and mumbles some strange words.
You struggle to resist.
You block the hog's attack. The hog closely misses you.
You hit Kirke.
Kirke is moderately wounded.
The hog closely misses you. The hog bites you. Kirke misses you.
The hog misses you.
You hit Kirke.
Kirke is moderately wounded.
The hog bites you. The hog bites you!
You die...

........#.P.+.#....#.##
...#
#.....P....#....%..###
## #.P..P...#####.##.##
#P.P......## ####.##
#....P.....####.#+.##
#.......7#..........##
.......7..'..........#
......%#.##....hh....#
..P..P...##....@h...##
.P..P...#......h.....#
....77#####.........+..#
..77.# ##..........###
..# .# #....>.....P# ...
^. ############# #.##.##
### ##


You could see Kirke and 3 hogs.

Vanquished Creatures
  3 hydras
  A boulder beetle (Lair:3)
  A bog body (Lair:3)
  4 elephants
  2 black mambas (Lair:1)
  6 cane toads
  2 rime drakes
  An unseen horror (D:10)
  2 komodo dragons (Lair:3)
  2 polar bears (Lair:1)
  7 blink frogs
  A hornet (D:5)
  2 jumping spiders (Lair:2)
  A shadow (D:10)
  A culicivora (Lair:2)
  27 yaks
  A vampire (D:9)
  Sigmund (D:5)
  3 wyverns
  2 wraiths
  3 basilisks
  Menkaure (D:4)
  2 redbacks (Lair:2)
  7 water moccasins
  4 orc warriors
  2 sky beasts (D:7)
  3 black bears (D:6)
  2 ice beasts
  An ogre (D:6)
  6 wolves (Lair:3)
  5 centaurs
  2 kobold brigands
  4 scorpions
  8 bullfrogs
  7 killer bees
  7 howler monkeys
  8 orc priests
  4 hounds
  6 jellies
  3 sleepcaps
  3 iguanas
  18 orc wizards
  10 gnolls
  11 adders
  2 shadow imps
  2 white imps (D:6)
  2 ufetubi (D:4)
  4 dart slugs
  36 orcs
  2 bats
  5 endoplasms
  3 giant cockroaches (D:1)
  3 goblins (D:1)
  7 hobgoblins
  12 jackals
  11 kobolds
  3 quokkas
  5 ball pythons
  9 frilled lizards
  17 rats
320 creatures vanquished.

Notes
Turn   | Place    | Note
-------+----------+-------------------------------------------
     0 | D:1      | qw the Gargoyle Fighter began the quest for the Orb.
     0 | D:1      | Reached XP level 1. HP: 14/14 MP: 1/1
     0 | D:1      | 0 ||| qw: Version: 0.2-a-29-g1fa15c8
     0 | D:1      | 0 ||| qw: Game counter: 4933
     0 | D:1      | 0 ||| qw: Always use a shield: true
     0 | D:1      | 0 ||| qw: God list: Okawaru
     0 | D:1      | 0 ||| qw: Allow faded altars: false
     0 | D:1      | 0 ||| qw: Do Orc after D:15 true
     0 | D:1      | 0 ||| qw: Do second Lair branch before Depths: true
     0 | D:1      | 0 ||| qw: Lair rune preference: random
     0 | D:1      | 0 ||| qw: Plans: Normal, Zot:1-4, Slime:5, God:TSO, Crypt,
                  | Tomb, Abyss, Pan, Hells, Win
     0 | D:1      | 0 ||| PLANNING D:1-11
    69 | D:1      | Reached skill level 2 in Axes
   192 | D:1      | Reached XP level 2. HP: 15/19 MP: 2/2
   194 | D:1      | 194 ||| FLEEEEING.
   195 | D:1      | 195 ||| FLEEEEING.
   196 | D:1      | 196 ||| FLEEEEING.
   197 | D:1      | 197 ||| FLEEEEING.
   198 | D:1      | 198 ||| FLEEEEING.
   199 | D:1      | 199 ||| FLEEEEING.
   200 | D:1      | 200 ||| FLEEEEING.
   201 | D:1      | 201 ||| FLEEEEING.
   202 | D:1      | 202 ||| FLEEEEING.
   233 | D:1      | 233 ||| Stepping ~*~*~tactically~*~*~ (stealth).
   239 | D:1      | 239 ||| Stepping ~*~*~tactically~*~*~ (stealth).
   303 | D:1      | Reached skill level 3 in Axes
   336 | D:1      | Reached XP level 3. HP: 23/23 MP: 3/3
   398 | D:1      | 398 ||| Stepping ~*~*~tactically~*~*~ (hiding).
   425 | D:1      | 425 ||| FLEEEEING.
   455 | D:1      | 455 ||| DROPPING +0 club.
   531 | D:1      | 531 ||| Stepping ~*~*~tactically~*~*~ (stealth).
   807 | D:1      | 807 ||| UPGRADING to +0 helmet.
   812 | D:1      | 812 ||| UPGRADING to amulet of regeneration.
   817 | D:1      | 817 ||| READING scroll labelled RACRYS YSIO.
   818 | D:1      | 818 ||| READING scroll labelled BESITE OTOJUDGH.
   819 | D:1      | 819 ||| READING scroll labelled NIESMAOFOI.
   849 | D:2      | 849 ||| Stepping ~*~*~tactically~*~*~ (hiding).
   850 | D:2      | 850 ||| Stepping ~*~*~tactically~*~*~ (hiding).
  1039 | D:2      | Found a stormy altar of Qazlal.
  1065 | D:2      | Reached XP level 4. HP: 28/28 MP: 4/4
  1095 | D:2      | 1095 ||| DROPPING +3 whip.
  1168 | D:2      | Reached skill level 4 in Axes
  1565 | D:2      | 1565 ||| READING scroll labelled IPANOU JAMONGAHIWK.
  1566 | D:2      | 1566 ||| READING scroll labelled GOCKU SIOX.
  1567 | D:2      | 1567 ||| READING 2 scrolls labelled BUIRUPL JANAPP.
  1568 | D:2      | 1568 ||| DROPPING scroll of amnesia.
  1647 | D:3      | Reached XP level 5. HP: 31/32 MP: 5/5
  1687 | D:3      | Found an ornate altar of the Wu Jian Council.
  1855 | D:3      | Identified the +7 sling "Mutih" {flame, *Corrode rPois
                  | Dex+6}
  1988 | D:3      | Reached skill level 5 in Axes
  2102 | D:3      | Found a faded altar of an unknown god.
  2192 | D:3      | Reached XP level 6. HP: 31/38 MP: 6/6
  2248 | D:3      | 2248 ||| READING scroll labelled SIBEICLON.
  2275 | D:4      | 2275 ||| STAIRDANCE
  2279 | D:4      | 2279 ||| STAIRDANCE
  2295 | D:4      | 2295 ||| STAIRDANCE
  2299 | D:4      | 2299 ||| STAIRDANCE
  2303 | D:4      | 2303 ||| STAIRDANCE
  2307 | D:4      | 2307 ||| STAIRDANCE
  2311 | D:4      | 2311 ||| STAIRDANCE
  2322 | D:4      | 2322 ||| STAIRDANCE
  2326 | D:4      | 2326 ||| STAIRDANCE
  2330 | D:4      | 2330 ||| STAIRDANCE
  2334 | D:4      | 2334 ||| STAIRDANCE
  2338 | D:4      | 2338 ||| STAIRDANCE
  2342 | D:4      | 2342 ||| STAIRDANCE
  2346 | D:4      | 2346 ||| STAIRDANCE
  2350 | D:4      | 2350 ||| STAIRDANCE
  2354 | D:4      | 2354 ||| STAIRDANCE
  2358 | D:4      | 2358 ||| STAIRDANCE
  2362 | D:4      | 2362 ||| STAIRDANCE
  2366 | D:4      | 2366 ||| STAIRDANCE
  2370 | D:4      | 2370 ||| STAIRDANCE
  2380 | D:4      | 2380 ||| FLEEEEING.
  2384 | D:4      | Reached skill level 1 in Dodging
  2385 | D:3      | Found a glowing golden altar of the Shining One.
  2386 | D:3      | 2386 ||| Stepping randomly (stuck).
  2443 | D:4      | Noticed Menkaure
  2450 | D:4      | Killed Menkaure
  2477 | D:4      | 2477 ||| Stepping ~*~*~tactically~*~*~ (stealth).
  2483 | D:4      | 2483 ||| Stepping ~*~*~tactically~*~*~ (stealth).
  2486 | D:4      | 2486 ||| Stepping ~*~*~tactically~*~*~ (stealth).
  2490 | D:4      | 2490 ||| Stepping ~*~*~tactically~*~*~ (stealth).
  2499 | D:4      | Reached skill level 6 in Axes
  2501 | D:4      | Reached XP level 7. HP: 36/43 MP: 7/7
  2509 | D:4      | 2509 ||| DROPPING +0 flail.
  2512 | D:4      | 2512 ||| Stepping ~*~*~tactically~*~*~ (hiding).
  2513 | D:4      | 2513 ||| Stepping ~*~*~tactically~*~*~ (hiding).
  2514 | D:4      | 2514 ||| Stepping ~*~*~tactically~*~*~ (hiding).
  2692 | D:4      | 2692 ||| Stepping ~*~*~tactically~*~*~ (stealth).
  2694 | D:4      | 2694 ||| Stepping ~*~*~tactically~*~*~ (stealth).
  2769 | D:4      | 2769 ||| Stepping ~*~*~tactically~*~*~ (hiding).
  2770 | D:4      | 2770 ||| Stepping ~*~*~tactically~*~*~ (hiding).
  2953 | D:4      | 2953 ||| READING scroll labelled AKOSKET KUSUWK.
  2962 | D:4      | 2962 ||| DRINKING 2 cyan potions.
  2975 | D:5      | Entered Level 5 of the Dungeon
  3261 | D:5      | 3261 ||| Stepping ~*~*~tactically~*~*~ (hiding).
  3277 | D:5      | Found a staircase to the Ecumenical Temple.
  3278 | D:5      | 3278 ||| PLANNING TEMPLE
  3278 | D:5      | 3278 ||| READING scroll labelled VYL TOAFAURR.
  3281 | D:5      | 3281 ||| STAIRDANCE
  3285 | D:5      | 3285 ||| STAIRDANCE
  3289 | D:5      | 3289 ||| STAIRDANCE
  3293 | D:5      | 3293 ||| STAIRDANCE
  3298 | D:4      | HP: 8/43 [acid (5)]
  3300 | D:4      | HP: 3/43 [acid (3)]
  3301 | D:4      | 3301 ||| DRINKING potion of cancellation.
  3303 | D:4      | Reached skill level 7 in Axes
  3346 | Temple   | Entered the Ecumenical Temple
  3440 | Temple   | 3440 ||| PLANNING D:1-11
  3532 | D:5      | 3532 ||| Stepping ~*~*~tactically~*~*~ (hiding).
  3663 | D:5      | 3663 ||| Stepping ~*~*~tactically~*~*~ (hiding).
  3699 | D:5      | Reached skill level 1 in Throwing
  3712 | D:5      | Reached XP level 8. HP: 48/49 MP: 8/8
  3755 | D:5      | 3755 ||| Stepping ~*~*~tactically~*~*~ (hiding).
  3820 | D:5      | Reached skill level 8 in Axes
  3881 | D:5      | 3881 ||| Stepping ~*~*~tactically~*~*~ (stealth).
  3912 | D:5      | Noticed a hornet
  3918 | D:5      | Reached skill level 6 in Fighting
  3925 | D:5      | Killed a hornet
  4050 | D:5      | Noticed Sigmund
  4059 | D:5      | Killed Sigmund
  4060 | D:5      | Reached skill level 9 in Axes
  4179 | D:5      | 4179 ||| DRINKING 2 smoky ruby potions.
  4180 | D:5      | 4180 ||| READING 2 scrolls of identify.
  4180 | D:5      | 4180 ||| IDENTIFYING lumpy green potion
  4181 | D:5      | 4181 ||| DROPPING potion of degeneration.
  4182 | D:5      | 4182 ||| DROPPING potion of invisibility.
  4265 | D:6      | Reached XP level 9. HP: 55/55 MP: 9/9
  4291 | D:6      | Found an iron altar of Okawaru.
  4292 | D:6      | 4292 ||| PLANNING OKAWARU WORSHIP
  4299 | D:6      | 4299 ||| Stepping ~*~*~tactically~*~*~ (stealth).
  4300 | D:6      | 4300 ||| Stepping ~*~*~tactically~*~*~ (stealth).
  4310 | D:6      | Became a worshipper of Warmaster Okawaru
  4311 | D:6      | 4311 ||| PLANNING D:1-11
  4320 | D:6      | 4320 ||| Stepping ~*~*~tactically~*~*~ (stealth).
  4357 | D:6      | 4357 ||| Stepping ~*~*~tactically~*~*~ (hiding).
  4536 | D:6      | Found Guqapn's Book Shoppe.
  4626 | D:6      | Reached * piety under Okawaru
  4632 | D:6      | 4632 ||| FLEEEEING.
  4633 | D:6      | 4633 ||| FLEEEEING.
  4634 | D:6      | 4634 ||| FLEEEEING.
  4754 | D:6      | 4754 ||| Stepping ~*~*~tactically~*~*~ (stealth).
  4859 | D:6      | 4859 ||| Stepping ~*~*~tactically~*~*~ (stealth).
  4871 | D:6      | 4871 ||| INVOKING Heroism.
  4960 | D:6      | Reached skill level 1 in Invocations
  5061 | D:6      | 5061 ||| UPGRADING to +0 pair of gloves.
  5066 | D:6      | 5066 ||| READING scroll labelled ESKYGG ZID MOWK.
  5066 | D:6      | Identified a scroll of acquirement
  5066 | D:6      | 5066 ||| ACQUIRING 966 gold pieces
  5066 | D:6      | Acquired 966 gold pieces
  5068 | D:6      | 5068 ||| DRINKING 3 bubbling black potions.
  5069 | D:6      | 5069 ||| READING 2 scrolls of identify.
  5069 | D:6      | 5069 ||| IDENTIFYING lumpy inky potion
  5070 | D:6      | 5070 ||| DROPPING potion of brilliance.
  5115 | D:7      | Found Adejaq's Distillery.
  5127 | D:7      | 5127 ||| BUYING potion of curing (33 gold).
  5127 | D:7      | Bought a potion of curing for 33 gold pieces
  5127 | D:7      | 5127 ||| BUYING potion of curing (33 gold).
  5127 | D:7      | Bought a potion of curing for 33 gold pieces
  5127 | D:7      | 5127 ||| BUYING potion of lignification (33 gold).
  5127 | D:7      | Bought a potion of lignification for 33 gold pieces
  5127 | D:7      | 5127 ||| BUYING potion of magic (88 gold).
  5127 | D:7      | Bought a potion of magic for 88 gold pieces
  5127 | D:7      | 5127 ||| BUYING potion of mutation (88 gold).
  5127 | D:7      | Bought a potion of mutation for 88 gold pieces
  5127 | D:7      | 5127 ||| BUYING potion of resistance (110 gold).
  5127 | D:7      | Bought a potion of resistance for 110 gold pieces
  5141 | D:7      | Found a flagged portal.
  5144 | D:7      | 5144 ||| INVOKING Heroism.
  5157 | D:7      | 5157 ||| INVOKING Heroism.
  5160 | D:7      | Reached skill level 10 in Axes
  5195 | D:7      | 5195 ||| Stepping ~*~*~tactically~*~*~ (hiding).
  5197 | D:7      | 5197 ||| Stepping ~*~*~tactically~*~*~ (hiding).
  5199 | D:7      | 5199 ||| Stepping ~*~*~tactically~*~*~ (hiding).
  5201 | D:7      | 5201 ||| Stepping ~*~*~tactically~*~*~ (hiding).
  5391 | D:7      | 5391 ||| INVOKING Heroism.
  5522 | D:7      | 5522 ||| Stepping ~*~*~tactically~*~*~ (stealth).
  5559 | D:7      | 5559 ||| Stepping ~*~*~tactically~*~*~ (stealth).
  5570 | D:7      | Reached skill level 3 in Invocations
  5690 | D:7      | 5690 ||| Stepping ~*~*~tactically~*~*~ (stealth).
  5691 | D:7      | 5691 ||| Stepping ~*~*~tactically~*~*~ (stealth).
  5692 | D:7      | 5692 ||| Stepping ~*~*~tactically~*~*~ (stealth).
  5695 | D:7      | 5695 ||| Stepping ~*~*~tactically~*~*~ (stealth).
  5700 | D:7      | Reached XP level 10. HP: 64/64 MP: 12/12
  5808 | D:7      | 5808 ||| UPGRADING to +0 chain mail.
  5818 | D:7      | 5818 ||| DROPPING +0 scale mail.
  5819 | D:7      | 5819 ||| UPGRADING to +0 kite shield.
  5829 | D:7      | 5829 ||| DROPPING +0 buckler.
  5830 | D:7      | 5830 ||| UPGRADING to +0 cloak.
  5835 | D:7      | 5835 ||| DROPPING amulet of the acrobat.
  5836 | D:7      | 5836 ||| READING 2 scrolls of identify.
  5836 | D:7      | 5836 ||| IDENTIFYING fuming ruby potion
  5869 | D:8      | 5869 ||| Stepping ~*~*~tactically~*~*~ (hiding).
  5873 | D:8      | 5873 ||| INVOKING Heroism.
  5911 | D:8      | 5911 ||| Stepping ~*~*~tactically~*~*~ (stealth).
  5917 | D:8      | 5917 ||| Stepping ~*~*~tactically~*~*~ (stealth).
  5918 | D:8      | 5918 ||| Stepping ~*~*~tactically~*~*~ (stealth).
  5925 | D:8      | 5925 ||| INVOKING Heroism.
  5943 | D:8      | Reached skill level 6 in Shields
  5952 | D:8      | 5952 ||| FLEEEEING.
  5953 | D:8      | 5953 ||| STAIRDANCE
  5986 | D:7      | 5986 ||| UPGRADING to +0 plate armour.
  5996 | D:7      | 5996 ||| DROPPING +0 chain mail.
  6001 | D:8      | 6001 ||| STAIRDANCE
  6022 | D:8      | Identified the ring of Doalar {rF+ Will+ Str-4 Int+4}
  6097 | D:8      | Reached ** piety under Okawaru
  6195 | D:8      | 6195 ||| Stepping ~*~*~tactically~*~*~ (stealth).
  6197 | D:8      | 6197 ||| Stepping ~*~*~tactically~*~*~ (stealth).
  6217 | D:8      | 6217 ||| INVOKING Heroism.
  6401 | D:8      | Identified the +0 kite shield of Submission {rElec Will+
                  | Dex+5}
  6403 | D:8      | Noticed qw's ghost (novice GrHu)
  6419 | D:8      | Found a transporter.
  6419 | D:8      | Found a transporter.
  6571 | D:8      | Identified the ring of the Duchess {rC+ Str+5 Int+6}
  6763 | D:8      | 6763 ||| UPGRADING to amulet of reflection.
  6773 | D:8      | 6773 ||| DROPPING amulet of regeneration.
  6774 | D:8      | 6774 ||| UPGRADING to ring of Doalar {rF+ Will+ Str-4
                  | Int+4}.
  6775 | D:8      | 6775 ||| DROPPING +6 ring of intelligence.
  6805 | D:9      | 6805 ||| Stepping ~*~*~tactically~*~*~ (stealth).
  6807 | D:9      | 6807 ||| STAIRDANCE
  6849 | D:9      | Reached skill level 6 in Armour
  6850 | D:9      | 6850 ||| STAIRDANCE
  6853 | D:8      | 6853 ||| INVOKING Heroism.
  6950 | D:9      | 6950 ||| STAIRDANCE
  7007 | D:9      | Reached *** piety under Okawaru
  7016 | D:9      | 7016 ||| INVOKING Heroism.
  7025 | D:9      | Reached skill level 9 in Shields
  7025 | D:9      | Reached XP level 11. HP: 44/68 MP: 12/14
  7103 | D:9      | 7103 ||| Stepping ~*~*~tactically~*~*~ (hiding).
  7226 | D:9      | Identified the +4 scale mail of the Equator {rF- rN+++
                  | Str-2 Int+5}
  7431 | D:9      | 7431 ||| Stepping ~*~*~tactically~*~*~ (hiding).
  7455 | D:9      | Found an ancient bone altar of Kikubaaqudgha.
  7467 | D:9      | 7467 ||| Stepping ~*~*~tactically~*~*~ (stealth).
  7518 | D:9      | 7518 ||| DROPPING +0 morningstar.
  7546 | D:9      | 7546 ||| Stepping ~*~*~tactically~*~*~ (hiding).
  7547 | D:9      | 7547 ||| INVOKING Heroism.
  7723 | D:10     | Entered Level 10 of the Dungeon
  7728 | D:10     | 7728 ||| STAIRDANCE
  7732 | D:9      | 7732 ||| INVOKING Heroism.
  7846 | D:10     | 7846 ||| INVOKING Heroism.
  8033 | D:10     | 8033 ||| Stepping randomly (disturbance).
  8167 | D:10     | Found a staircase to the Lair.
  8235 | D:10     | Found a staircase to the Orcish Mines.
  8236 | D:10     | 8236 ||| INVOKING Heroism.
  8252 | D:10     | 8252 ||| INVOKING Heroism.
  8491 | D:10     | 8491 ||| PLANNING LAIR
  8539 | Lair:1   | Entered Level 1 of the Lair of Beasts
  8628 | Lair:1   | 8628 ||| INVOKING Heroism.
  8693 | Lair:1   | 8693 ||| INVOKING Heroism.
  8703 | Lair:1   | Reached skill level 11 in Axes
  8716 | Lair:1   | Reached **** piety under Okawaru
  8796 | Lair:1   | Received a gift from Okawaru
  8824 | Lair:1   | 8824 ||| Stepping ~*~*~tactically~*~*~ (stealth).
  8826 | Lair:1   | 8826 ||| Stepping ~*~*~tactically~*~*~ (stealth).
  8843 | Lair:1   | 8843 ||| INVOKING Heroism.
  9094 | Lair:1   | 9094 ||| FLEEEEING.
  9095 | Lair:1   | 9095 ||| FLEEEEING.
  9096 | Lair:1   | 9096 ||| FLEEEEING.
  9098 | Lair:1   | 9098 ||| FLEEEEING.
  9099 | Lair:1   | 9099 ||| FLEEEEING.
  9100 | Lair:1   | 9100 ||| FLEEEEING.
  9101 | Lair:1   | 9101 ||| FLEEEEING.
  9102 | Lair:1   | 9102 ||| FLEEEEING.
  9103 | Lair:1   | 9103 ||| FLEEEEING.
  9104 | Lair:1   | 9104 ||| FLEEEEING.
  9105 | Lair:1   | 9105 ||| FLEEEEING.
  9106 | Lair:1   | 9106 ||| FLEEEEING.
  9107 | Lair:1   | 9107 ||| INVOKING Heroism.
  9520 | Lair:1   | 9520 ||| DRINKING 2 fizzy clear potions.
  9521 | Lair:1   | 9521 ||| READING 2 scrolls of identify.
  9521 | Lair:1   | 9521 ||| IDENTIFYING viscous grey potion
  9522 | Lair:1   | 9522 ||| DROPPING potion of enlightenment.
  9534 | Lair:2   | 9534 ||| INVOKING Heroism.
  9540 | Lair:2   | Noticed a six-headed hydra
  9545 | Lair:2   | 9545 ||| SWAPPING to +2 hand axe of flaming.
  9549 | Lair:2   | 9549 ||| STAIRDANCE
  9552 | Lair:1   | Reached skill level 6 in Invocations
  9556 | Lair:1   | HP: 14/69 [polar bear (13)]
  9557 | Lair:1   | 9557 ||| READING 3 scrolls of teleportation.
  9557 | Lair:1   | HP: 6/69 [polar bear (7)]
  9560 | Lair:1   | Killed a one-headed hydra
  9585 | Lair:1   | 9585 ||| FLEEEEING.
  9586 | Lair:1   | 9586 ||| FLEEEEING.
  9587 | Lair:1   | 9587 ||| FLEEEEING.
  9588 | Lair:1   | 9588 ||| FLEEEEING.
  9590 | Lair:1   | 9590 ||| STAIRDANCE
  9766 | D:10     | 9766 ||| UPGRADING to +0 war axe.
  9770 | Lair:1   | 9770 ||| INVOKING Heroism.
  9782 | Lair:1   | Reached XP level 12. HP: 73/75 MP: 14/17
  9902 | Lair:2   | Found a hole to the Spider Nest.
  9907 | Lair:2   | Reached skill level 9 in Fighting
  9913 | Lair:2   | 9913 ||| INVOKING Heroism.
 10162 | Lair:2   | 10162 ||| Stepping ~*~*~tactically~*~*~ (stealth).
 10166 | Lair:2   | 10166 ||| INVOKING Heroism.
 10311 | Lair:2   | 10311 ||| FLEEEEING.
 10312 | Lair:2   | 10312 ||| FLEEEEING.
 10313 | Lair:2   | 10313 ||| STAIRDANCE
 10417 | Lair:2   | 10417 ||| STAIRDANCE
 10424 | Lair:1   | 10424 ||| INVOKING Heroism.
 10608 | Lair:2   | 10608 ||| INVOKING Heroism.
 10634 | Lair:2   | 10634 ||| Stepping ~*~*~tactically~*~*~ (stealth).
 10636 | Lair:2   | 10636 ||| Stepping ~*~*~tactically~*~*~ (hiding).
 10924 | Lair:2   | 10924 ||| Stepping ~*~*~tactically~*~*~ (stealth).
 10943 | Lair:2   | Reached skill level 9 in Armour
 10996 | Lair:2   | 10996 ||| Stepping ~*~*~tactically~*~*~ (stealth).
 10997 | Lair:2   | 10997 ||| Stepping ~*~*~tactically~*~*~ (stealth).
 11021 | Lair:2   | 11021 ||| Stepping ~*~*~tactically~*~*~ (stealth).
 11023 | Lair:2   | 11023 ||| INVOKING Heroism.
 11185 | Lair:2   | 11185 ||| READING scroll labelled INYUM NUUGEYRE.
 11286 | Lair:2   | 11286 ||| READING scroll labelled NAHOECS PYGRO.
 11302 | Lair:3   | 11302 ||| INVOKING Heroism.
 11364 | Lair:3   | 11364 ||| INVOKING Heroism.
 11374 | Lair:3   | Reached skill level 9 in Invocations
 11462 | Lair:3   | 11462 ||| Stepping ~*~*~tactically~*~*~ (stealth).
 11477 | Lair:3   | 11477 ||| INVOKING Heroism.
 11598 | Lair:3   | Noticed a four-headed hydra
 11599 | Lair:3   | 11599 ||| INVOKING Heroism.
 11606 | Lair:3   | 11606 ||| SWAPPING to +2 hand axe of flaming.
 11613 | Lair:3   | Killed a one-headed hydra
 11691 | Lair:3   | 11691 ||| UPGRADING to +0 war axe.
 11699 | Lair:3   | 11699 ||| INVOKING Heroism.
 11716 | Lair:3   | Reached skill level 12 in Axes
 11786 | Lair:3   | 11786 ||| Stepping ~*~*~tactically~*~*~ (stealth).
 11799 | Lair:3   | 11799 ||| Stepping ~*~*~tactically~*~*~ (hiding).
 11819 | Lair:3   | Noticed a boulder beetle
 11820 | Lair:3   | 11820 ||| INVOKING Heroism.
 11841 | Lair:3   | Killed a boulder beetle
 11962 | Lair:3   | Noticed a seven-headed hydra
 11962 | Lair:3   | Noticed a death yak
 11963 | Lair:3   | 11963 ||| INVOKING Heroism.
 11964 | Lair:3   | 11964 ||| SWAPPING to +2 hand axe of flaming.
 11977 | Lair:3   | Killed a one-headed hydra
 11989 | Lair:3   | HP: 8/76 [death yak (17)]
 11990 | Lair:3   | 11990 ||| READING 2 scrolls of teleportation.
 11995 | Lair:3   | HP: 2/76 [death yak (7)]
 11996 | Lair:3   | Noticed Kirke
 11998 | Lair:3   | 11998 ||| READING scroll of teleportation.
 12199 | Lair:3   | 12199 ||| FLEEEEING.
 12200 | Lair:3   | 12200 ||| INVOKING Heroism.
 12212 | Lair:3   | HP: 18/76 [hog[Kirke] (14)]
 12215 | Lair:3   | HP: 3/76 [hog[Kirke] (6)]
 12216 | Lair:3   | HP: 1/76 [hog[Kirke] (2)]
 12216 | Lair:3   | Mangled by a hog

Levels and vault maps discovered:
D:1:      dpeg_arrival_refuge, layout_basic, st_stairs_12,
          palyth_stone_intersect
D:2:      layout_basic, basic_altar, serial_corexii_hall,
          chequers_hall_statues_corner_a, corexii_hall_statues_x,
          dreamdust_wishing_well, minmay_rat_gold_closets
D:3:      layout_loops_ring, nicolae_wu_jian_wuxing_cycle,
          nicolae_overflow_ecumenical_swirl, minmay_misc_feat_enclosed,
          item_on_display_a
D:4:      layout_rooms, hangedman_decor_growths, uniq_menkaure
D:5:      kennysheep_windowed_halls, layout_loops_ring,
          minmay_temple_entry_mini_moons, uniq_sigmund
D:6:      layout_loops_ring, okawaru_metal_pillars_1_2, serial_shops,
          nicolae_shop_window_shopping, minmay_misc_feat_alley,
          mrwooster_statue_mirror, st_stairs_4, dreamdust_princess_bridge,
          grunt_decor_one_mirror, minmay_misc_feat_rows
D:7:      layout_basic, enter_bailey_6, serial_shops, shop
D:8:      layout_basic, gammafunk_ghost_gnarly_gnolls
D:9:      layout_rooms, mainiacjoe_overflow_chevrons,
          wad_floor_pattern_untrapped
D:10:     layout_roguey, lair_entry_dummy
Temple:   compressed_dpeg_circular_temple
Lair:1:   layout_long_grid
Lair:2:   layout_loops_ring, spider_nest_entry_funnel_web
Lair:3:   layout_roguey, nicolae_swamp_entry_splash_gauntlet,
          grunt_forest_large_clearing_hut, uniq_kirke

Skill      XL: |  1  2  3  4  5  6  7  8  9 10 11 12 |
---------------+-------------------------------------+-----
Axes           | 2 3 4 5 6 7 9 10 11 12 | 12.0
Fighting       | 4 5 6 7 8 9 |  9.0
Dodging        | 1 |  1.0
Throwing       | 1 |  1.3
Shields        | 4 9 10 | 10.7
Invocations    | 3 4 6 10 | 10.0
Armour         | 4 7 8 9 |  9.0

Action                     |  1- 3 |  4- 6 |  7- 9 | 10-12 || total
---------------------------+-------+-------+-------+-------++-------
  Melee: War axe           |   123 |   165 |   378 |   740 ||  1406
         Hand axe          |       |       |       |    75 ||    75
         Unarmed           |       |       |       |    13 ||    13
  Throw: Boomerang         |     4 |    15 |    79 |   113 ||   211
 Invoke: Heroism           |       |       |     4 |    29 ||    33
    Use: Scroll            |     3 |     4 |     5 |     7 ||    19
         Potion            |       |       |     4 |     1 ||     5
 Armour: Scale mail        |    64 |   103 |   248 |     4 ||   419
         Plate armour      |       |       |       |   462 ||   462
         Chain mail        |       |       |       |     2 ||     2
  Dodge: Dodged            |    58 |    67 |   152 |   186 ||   463
  Block: Buckler           |    23 |    31 |    81 |     4 ||   139
         Kite shield       |       |       |       |   650 ||   650
         Reflection        |       |       |       |     4 ||     4
         Other             |       |       |       |     3 ||     3

Table legend:
 A = Non-vault XP
 B = Vault XP
 C = Vault XP percentage of total XP
 D = Non-vault monster count
 E = Vault monster count
 F = Vault count percentage of total count
                 A         B        C        D         E       F
            +---------+---------+-------+---------+---------+-------
      Total |   26762 |    4081 |  13.2 |     278 |      42 |  13.1
            +---------+---------+-------+---------+---------+-------
        D:1 |      51 |       3 |   5.6 |      28 |       2 |   6.7
        D:2 |      71 |       9 |  11.2 |      23 |       9 |  28.1
        D:3 |     218 |       0 |   0.0 |      18 |       0 |   0.0
        D:4 |     283 |     172 |  37.8 |      27 |       1 |   3.6
        D:5 |     223 |    1317 |  85.5 |       5 |      21 |  80.8
        D:6 |    1302 |      46 |   3.4 |      27 |       2 |   6.9
        D:7 |    1393 |       0 |   0.0 |      24 |       0 |   0.0
        D:8 |    3523 |       0 |   0.0 |      35 |       0 |   0.0
        D:9 |    2427 |       0 |   0.0 |      24 |       0 |   0.0
       D:10 |    1087 |       0 |   0.0 |      10 |       0 |   0.0
     Lair:1 |    6448 |       0 |   0.0 |      22 |       0 |   0.0
     Lair:2 |    3032 |    1035 |  25.4 |      13 |       5 |  27.8
     Lair:3 |    6704 |    1499 |  18.3 |      22 |       2 |   8.3
            +---------+---------+-------+---------+---------+-------
